Construct Section Command Post
Selects Canadian Shock Battlegroup
Construct Platoon Command Post
Unlock M3 Stuart Light Tanks
Selects Canadian Shock Section
Selects Incendiary Munitions
Construct Field Infirmary
6-pounder Anti-tank Gun Team
Unlock Bishop Self-propelled Artillery
Bishop Self-propelled Artillery
Selects Churchill Crocodile Heavy Tank
Churchill Crocodile Heavy Tank
6-pounder Anti-tank Gun Team